 Dungeon Crawl Stone Soup version 0.30-a0-390-g80c34de65d (webtiles) character file.

Game seed: 7729074816640599389

65 zupo the Stinger (level 3, -1/28 HPs)
             Began as a Draconian Venom Mage on Dec 5, 2022.
             Killed from afar by Natasha (10 damage)
             ... with a puff of flame
             ... on level 2 of the Dungeon.
             The game lasted 00:14:27 (1385 turns).

zupo the Stinger (Draconian Venom Mage)             Turns: 1385, Time: 00:14:27

Health: -1/28      AC:  5    Str: 12    XL:     3   Next: 94%
Magic:  5/6        EV: 12    Int: 15    God:
Gold:   64         SH:  0    Dex: 11    Spells: 5/6 levels left

rFire   . . .      SeeInvis .    b - staff of cold
rCold   + . .      Faith    .    (no shield)
rNeg    . . .      Spirit   .    (body armour unavailable)
rPois   .          Reflect  .    (helmet restricted)
rElec   .          Harm     .    (no cloak)
rCorr   .          Rampage  .    (no gloves)
Will    .....                    (no boots)
Stlth   ++........               (no amulet)
HPRegen 0.24/turn                (no ring)
MPRegen 0.10/turn                (no ring)

@: no status effects
A: AC +5, unfitting armour, cold-blooded
a: no special abilities


You were on level 2 of the Dungeon.
You visited 1 branch of the dungeon, and saw 2 of its levels.

You collected 64 gold pieces.

Inventory:

Hand Weapons
 c - a +0 dagger
Magical Staves
 b - a staff of cold (weapon)
 e - a staff of death
Scrolls
 g - a scroll of amnesia {unknown}
Potions
 a - a potion of magic
 d - a potion of might {unknown}
 f - 2 potions of heal wounds {unknown}
 h - a potion of curing {unknown}


   Skills:
 + Level 1.1 Fighting
 + Level 1.1 Staves
 + Level 2.4 Dodging
 + Level 2.0 Stealth
 + Level 2.4 Spellcasting
 + Level 1.1 Transmutations
 + Level 3.4 Poison Magic


You had 5 spell levels left.
You knew the following spells:

 Your Spells              Type           Power      Damage    Failure   Level
a - Sting                 Tmut/Pois      32%        1d4       9%          1

Your spell library contained the following spells:

 Spells                   Type           Power      Damage    Failure   Level
 Poisonous Vapours        Pois/Air       12%        N/A       16%         2
 Mephitic Cloud           Conj/Pois/Air  5%         N/A       36%         3
 Olgreb's Toxic Radiance  Pois           12%        N/A       45%         4


Dungeon Overview and Level Annotations

Branches:
Dungeon (2/15)

Altars:

Annotations:
D:2 Natasha


Innate Abilities, Weirdness & Mutations

Your plain brown scales are hard. (AC +5)
You cannot fit into any form of body armour.
You are cold-blooded and may be slowed by cold attacks.


Message History

The jackal is moderately wounded.
The jackal bites you but does no damage.
The jackal closely misses you.
You barely miss the jackal.
The jackal is moderately wounded.
The jackal bites you.
You hit the jackal.
Your tail-slap misses the jackal.
The jackal is severely wounded.
The jackal closely misses you. The jackal bites you.
You miss the jackal.
The jackal is severely wounded.
The jackal misses you.
You hit the jackal.
You kill the jackal!
Found 6 gold pieces.
You open the door.
There is an open door here.
Found a stone staircase leading down.
You open the door.
There is an open door here.
You now have 64 gold pieces (gained 6).
Found a scroll of poison.
Natasha, Servant of Life and Death comes into view.
She is carrying a wand of flame (10).
Natasha hisses angrily.
Natasha zaps a wand.
The puff of flame misses you.
Natasha stares at you and mumbles some strange words.
The magic dart hits you!
Casting: Sting (safe; 9% risk of failure)
Confirm with . or Enter, or press ? or * to list all spells.
Aiming: Sting (safe; 9% risk of failure)
Press: ? - help, Shift-Dir - straight line, f - Natasha
Aim: Natasha, carrying a wand of flame (9) (60% to hit)
The sting hits Natasha but does no damage.
Natasha is poisoned.
Natasha casts a spell at you. The magic dart hits you!
Natasha attacks as you move away! Natasha closely misses you.
Natasha attacks as you move away! Natasha claws you.
Natasha zaps a wand.
The puff of flame hits you!
You die...

#.....#..## #.#...
#.....#>.. ....# .
#.....#..#######...###..
###.....#.................
#......##..#######.#......
#.#####....# ###.....#.
#.# #.#.## #.h..##.#
#.#####.#.######.#..#
#...##.........@.#?.#
###.#####.#####..#..#
#...# #.# #..#...
###.###'## #..##.##
#.#....# #..# .# #†#....#
#..# .# #.#....# #..# .#
######.#....# #..# #
.......#....# #..##.#


You could see Natasha (poisoned).

Vanquished Creatures
  An adder (D:2)
  A gnoll (D:1)
  2 bats (D:1)
  4 endoplasms
  3 giant cockroaches
  4 goblins
  7 hobgoblins
  3 jackals (D:2)
  A quokka (D:1)
  7 ball pythons
  A frilled lizard (D:1)
  3 kobolds
  2 rats (D:1)
39 creatures vanquished.

Notes
Turn   | Place    | Note
-------+----------+-------------------------------------------
     0 | D:1      | zupo the Draconian Venom Mage began the quest for the Orb.
     0 | D:1      | Reached XP level 1. HP: 14/14 MP: 3/3
   196 | D:1      | Reached XP level 2. HP: 13/20 MP: 1/5
   759 | D:2      | Reached XP level 3. HP: 23/27 MP: 6/6
   852 | D:2      | Reached skill level 1 in Staves
   890 | D:2      | Reached skill level 1 in Fighting
   918 | D:2      | Found a faded altar of an unknown god.
  1378 | D:2      | Noticed Natasha
  1385 | D:2      | Killed from afar by Natasha

Illustrated notes

Levels and vault maps discovered:
D:1:      lemuel_arrival_broad_hall, layout_basic,
          hangedman_abyss_or_decor_lesser_grid, hex_intersection
D:2:      layout_basic, dreamdust_ecumenical_altar_angels_and_demons,
          uniq_natasha

Skill      XL: |  1  2  3 |
---------------+----------+-----
Dodging        | 2 |  2.4
Staves         | 1 |  1.1
Fighting       | 1 |  1.1
Stealth        | 2 |  2.0
Spellcasting   | |  2.4
Transmutations | |  1.1
Poison Magic   | |  3.4

Action                   || total
-------------------------++-------
Melee: Staff             ||   154
       Unarmed           ||     6
       Tailslap          ||    14
 Cast: Sting             ||    21
  Use: Scroll            ||     3
 Stab: Sleeping          ||     3
Armor: Skin              ||    64
Dodge: Dodged            ||   159

Table legend: (Time is in decaauts)
 A = Elapsed time spent in this place.
 B = Non-inter-level travel time spent in this place.
 C = Inter-level travel time spent in this place.
 D = Time resting spent in this place.
 E = Time spent auto-exploring this place.
 F = Levels seen in this place.
 G = Mean time per level.
                   A        B        C        D        E       F      G
               +--------+--------+--------+--------+--------+-----+--------+
         Total |   1414 |   1298 |    116 |      0 |      4 |   2 |  707.0 |
       Dungeon |   1414 |   1298 |    116 |      0 |      4 |   2 |  707.0 |
               +--------+--------+--------+--------+--------+-----+--------+

Top non-repeatable levels by time:
     D:1: 904 daAuts
     D:2: 509 daAuts
